 Dungeon Crawl Stone Soup version 0.30.0-5-g1a98f26d00 (webtiles) character file.

Game seed: 7203369941516322149

4244 qeuew the Destroyer (level 10, 0/50 HPs)
             Began as a Deep Elf Conjurer on May 9, 2023.
             Was a Follower of Vehumet.
             Shot with a bolt by an orc warrior (4 damage)
             ... in a bailey.
             The game lasted 00:14:19 (9953 turns).

qeuew the Destroyer (Deep Elf Conjurer)             Turns: 9953, Time: 00:14:20

Health: 0/50       AC:  4    Str:  4    XL:     10   Next: 9%
Magic:  21/23      EV: 15    Int: 26    God:    Vehumet [*.....]
Gold:   547        SH:  0    Dex: 15    Spells: 10/24 levels left

rFire   . . .        e - +2 dagger (flame)
rCold   . . .        (no shield)
rNeg    . . .        (no body armour)
rPois   .            (no helmet)
rElec   .            (no cloak)
rCorr   .            (no gloves)
SInv    +            (no boots)
Will    +....        (no amulet)
Stlth   ++++         g - ring of see invisible
HPRegen 0.28/turn    l - +4 ring of protection
MPRegen 0.18/turn

%: no passive effects
@: no status effects
A: sense surroundings 1
a: Renounce Religion


You were in a bailey.
You worshipped Vehumet.
Vehumet was aware of your devotion.
You visited 2 branches of the dungeon, and saw 10 of its levels.
You also visited: Bailey.

You collected 547 gold pieces.

Inventory:

Hand Weapons
 e - a +2 dagger of flaming (weapon)
Armour
 f - a +2 leather armour of positive energy
Jewellery
 b - a +6 ring of strength
 g - a ring of see invisible (left hand)
 j - a ring of poison resistance
 l - a +4 ring of protection (right hand)
 t - a ring of protection from fire
Wands
 n - a wand of polymorph (5)
Scrolls
 a - a scroll of fog
 i - 4 scrolls of teleportation
 m - 3 scrolls of amnesia
Potions
 c - 3 potions of curing
 d - 2 potions of haste
 h - a potion of resistance
 k - a potion of brilliance
 o - 2 potions of cancellation


   Skills:
 + Level 5.2 Short Blades
 + Level 6.9 Dodging
 + Level 7.5 Stealth
 + Level 7.7 Spellcasting
 * Level 9.7 Conjurations
 * Level 4.5 Summonings
 - Level 4.0 Earth Magic
 + Level 1.0 Evocations


You had 10 spell levels left.
You knew the following spells:

 Your Spells              Type           Power      Damage    Failure   Level
a - Magic Dart            Conj           100%       1d8       1%          1
b - Stone Arrow           Conj/Erth      90%        3d12      1%          3
c - Searing Ray           Conj           100%       2d8       1%          2
d - Summon Hydra          Summ           16%        N/A       100%        7
e - Shock                 Conj/Air       100%       1d9       1%          1

Your spell library contained the following spells:

 Spells                   Type           Power      Damage    Failure   Level
 Sandblast                Erth           62%        2d14      1%          1
 Dazzling Flash           Conj/Hex       70%        N/A       2%          3
 Passwall                 Tmut/Erth      16%        N/A       3%          2
 Beastly Appendage        Tmut           20%        N/A       6%          1
 Slow                     Hex            40%        N/A       6%          1
 Fulminant Prism          Conj/Hex       17%        3d10      8%          4
 Iskenderun's Mystic Bla  Conj/Tloc      35%        2d8       8%          4
 Cigotuvi's Dreadful Rot  Necr/Pois/Air  20%        N/A       9%          2
 Wereblood                Tmut           10%        N/A       9%          2
 Confusing Touch          Hex            10%        N/A       17%         3
 Spider Form              Tmut/Pois      10%        N/A       17%         3
 Vampiric Draining        Necr           10%        2d6       17%         3
 Dispel Undead            Necr           10%        3d9       50%         4
 Summon Forest            Summ/Tloc      10%        N/A       54%         5
 Death Channel            Necr           5%         N/A       100%        6
 Eringya's Noxious Bog    Tmut/Pois      5%         N/A       100%        6


Dungeon Overview and Level Annotations

Branches:
Dungeon (9/15)             Temple (1/1) D:6          Bailey (1/1)
   Lair: D:8-11         Orc: D:9-12

Altars:
Ashenzari
Cheibriados
Elyvilon
Fedhas
Gozag
Hepliaklqana
Kikubaaqudgha
Makhleb
Nemelex Xobeh
Okawaru
Qazlal
Ru
Sif Muna
Trog
Uskayaw
Vehumet
Wu Jian
Xom
Yredelemnul
Zin
The Shining One

Shops:
D:4 *


Innate Abilities, Weirdness & Mutations

You passively map a small area around you.


Message History

Vehumet accepts your kill.
The orc shoots a bolt.
The bolt hits you!
The zap hits the orc.
The orc is moderately wounded.
The zap hits the orc!
You kill the orc!
Vehumet accepts your kill.
You feel your power returning.
Casting: Shock (safe; 1% risk of failure)
Confirm with . or Enter, or press ? or * to list all spells.
Aiming: Stone Arrow (safe; 1% risk of failure)
Press: ? - help, Shift-Dir - straight line, f - orc warrior
Aim: an orc warrior, wielding a +0 arbalest and wearing a +0 scale mail (70% to hit)
The stone arrow hits the orc warrior!!
The orc warrior is severely wounded.
The orc warrior shoots a bolt.
The bolt hits you!!
* * * LOW HITPOINT WARNING * * *
Casting: Stone Arrow (safe; 1% risk of failure)
Confirm with . or Enter, or press ? or * to list all spells.
Aiming: Stone Arrow (safe; 1% risk of failure)
Press: ? - help, Shift-Dir - straight line, f/p - orc warrior
Aim: an orc warrior, wielding a +0 arbalest and wearing a +0 scale mail (severely wounded, 70% to hit)
Okay, then.
Casting: Stone Arrow (safe; 1% risk of failure)
Confirm with . or Enter, or press ? or * to list all spells.
Aiming: Stone Arrow (safe; 1% risk of failure)
Press: ? - help, Shift-Dir - straight line, f/p - orc warrior
Aim: an orc warrior, wielding a +0 arbalest and wearing a +0 scale mail (severely wounded, 70% to hit)
The stone arrow hits the orc warrior!!
You kill the orc warrior!
Vehumet accepts your kill.
You feel your power returning.
Your Evocations skill increases to level 1!
Okay, then.
Okay, then.
As you read the scroll of fog, it crumbles to dust.
The scroll dissolves into smoke.
The orc shoots a bolt.
The bolt hits you!
* * * LOW HITPOINT WARNING * * *
The orc warrior shoots a bolt.
The bolt hits you.
You die...

####################
#∩.........§........
#.∩.....§..§........
#........§§§.§......
#...@....§o§§§......
#......≈≈§§§§§......
#.....≈≈###§§§......
#.....≈##.##§§......
#.....≈#...o).......
#.....≈##.∩#≈.......
#.....≈≈#.##≈......#
#......≈≈.≈≈≈...####*
, ....##,


You could see an orc warrior.

Vanquished Creatures
  Sigmund (D:2)
  2 steam dragons
  2 water moccasins
  An ice beast (D:7)
  3 sky beasts (D:6)
  A black bear (D:4)
  5 orc warriors
  2 ogres
  5 phantoms
  A kobold brigand (D:9)
  A bullfrog (D:8)
  A gnoll sergeant (D:7)
  2 scorpions
  7 wights
  3 killer bees (D:7)
  6 howler monkeys
  7 hounds
  3 jellies
  3 orc priests
  Crazy Yiuf (D:3)
  Terence (D:3)
  2 iguanas
  8 orc wizards
  5 sleepcaps
  5 gnolls (D:7)
  11 adders
  A shadow imp (D:6)
  2 white imps
  An ufetubus (D:5)
  3 worms
  3 dart slugs
  36 orcs
  4 bats
  A bat skeleton (D:2)
  2 bat zombies (D:2)
  5 endoplasms
  3 giant cockroaches (D:2)
  7 goblins
  5 hobgoblins
  2 jackals (D:3)
  2 quokkas
  3 ball pythons
  2 ball python zombies (D:2)
  4 frilled lizards
  11 kobolds
  3 rats
189 creatures vanquished.

Notes
Turn   | Place    | Note
-------+----------+-------------------------------------------
     0 | D:1      | qeuew the Deep Elf Conjurer began the quest for the Orb.
     0 | D:1      | Reached XP level 1. HP: 10/10 MP: 6/6
   423 | D:1      | Reached XP level 2. HP: 15/15 MP: 4/8
   866 | D:2      | Reached XP level 3. HP: 19/19 MP: 5/9
  1374 | D:2      | Noticed Sigmund
  1384 | D:2      | Killed Sigmund
  1385 | D:2      | Reached skill level 1 in Short Blades
  1385 | D:2      | Reached skill level 5 in Conjurations
  1385 | D:2      | Reached XP level 4. HP: 5/24 MP: 4/12
  1385 | D:2      | Reached XP level 5. HP: 6/28 MP: 4/13
  1759 | D:2      | Gained mutation: You passively map a small area around you.
                  | [potion of mutation]
  1803 | D:3      | Learned a level 3 spell: Stone Arrow
  1806 | D:3      | Learned a level 2 spell: Searing Ray
  1820 | D:3      | Noticed Terence
  1833 | D:3      | Killed Terence
  2112 | D:3      | Found a blossoming altar of Fedhas.
  2281 | D:3      | Found a faded altar of an unknown god.
  2286 | D:3      | Got Plato's Parchment of Hexes
  2607 | D:3      | Reached XP level 6. HP: 32/32 MP: 12/14
  3044 | D:3      | Found a runed translucent door.
  3045 | D:3      | Noticed Crazy Yiuf
  3052 | D:3      | Killed Crazy Yiuf
  3053 | D:3      | Reached skill level 6 in Conjurations
  3053 | D:3      | Reached skill level 1 in Earth Magic
  3329 | D:4      | Found Mapsoni's Lightly-Used Armoury.
  3607 | D:4      | Reached XP level 7. HP: 36/36 MP: 10/16
  4103 | D:4      | Reached skill level 5 in Spellcasting
  4192 | D:5      | Entered Level 5 of the Dungeon
  4485 | D:5      | Reached skill level 5 in Stealth
  4485 | D:5      | Reached skill level 7 in Conjurations
  4611 | D:5      | HP: 1/36 [iguana (8)]
  4780 | D:5      | Reached XP level 8. HP: 40/41 MP: 9/18
  5023 | D:6      | Reached skill level 5 in Dodging
  5245 | D:6      | Found a hazy altar of Hepliaklqana.
  5641 | D:6      | Reached skill level 8 in Conjurations
  6372 | D:6      | Reached XP level 9. HP: 45/45 MP: 16/21
  6412 | D:6      | Found a staircase to the Ecumenical Temple.
  6627 | Temple   | Entered the Ecumenical Temple
  6745 | Temple   | Became a worshipper of Vehumet
  6999 | D:6      | Learned a level 7 spell: Summon Hydra
  7048 | D:7      | Reached skill level 1 in Summonings
  8414 | D:8      | Reached skill level 9 in Conjurations
  8658 | D:8      | Reached * piety under Vehumet
  8658 | D:8      | Offered knowledge of Shock by Vehumet.
  9398 | D:8      | Found a stormy altar of Qazlal.
  9398 | D:8      | Found a shimmering altar of Xom.
  9398 | D:8      | Found a shimmering blue altar of Sif Muna.
  9398 | D:8      | Found a sacrificial altar of Ru.
  9399 | D:8      | Found an ornate altar of the Wu Jian Council.
  9399 | D:8      | Found a burning altar of Makhleb.
  9410 | D:8      | Reached skill level 5 in Short Blades
  9487 | D:8      | Found an iron altar of Okawaru.
  9487 | D:8      | Found an opulent altar of Gozag.
  9487 | D:8      | Found a bloodstained altar of Trog.
  9694 | D:8      | Learned a level 1 spell: Shock
  9767 | D:9      | Reached XP level 10. HP: 28/47 MP: 5/23
  9804 | D:9      | Found a flagged portal.
  9838 | Bailey   | Entered a bailey
  9945 | Bailey   | Reached skill level 1 in Evocations
  9945 | Bailey   | HP: 2/50 [orc/bolt (10)]
  9953 | Bailey   | Shot with a bolt by an orc warrior

Illustrated notes

Levels and vault maps discovered:
D:1:      dpeg_arrival_orchard, layout_rooms, serial_corexii_hall,
          chequers_hall_statues_wall_a, chequers_hall_statues_corner_a,
          corexii_hall_statues_x, chequers_hall_statues_wall_a
D:2:      layout_loops_cross, serial_undead, serial_undead_f, serial_undead_b,
          serial_undead_e, serial_undead_f, minivault_24, minmay_tetromino_t2,
          uniq_sigmund
D:3:      layout_loops_corners, fedhas_altar_1,
          shapermc_ecumenical_altar_rom_forum, nicolae_half_adder,
          uniq_crazy_yiuf_cottage, uniq_terence
D:4:      layout_cave_pools, minmay_shop_damaged, kennysheep_small_spiral
D:5:      layout_cave_pools
D:6:      layout_cave_pods, lemuel_doored_altar, minmay_temple_entry_nine_rooms,
          serial_glass, glass_columns_c, glass_columns_c, st_stairs_4
D:7:      wander_river, layout_gridville
D:8:      layout_rooms, nicolae_overflows_in_rows, special_room
          [special_room_orc], minmay_crossroads
D:9:      layout_gridville, enter_bailey_2, serial_bayou_pond_e, uniq_amaemon
Temple:   bh_familiar_temple
Bailey:   bailey_polearm_2, bailey

Skill      XL: |  1  2  3  4  5  6  7  8  9 10 |
---------------+-------------------------------+-----
Stealth        | 3 4 5 6 7 |  7.5
Dodging        | 3 4 5 6 |  6.9
Short Blades   | 1 2 3 4 5 |  5.2
Spellcasting   | 4 5 6 7 |  7.7
Conjurations   | 5 6 7 8 9 |  9.7
Earth Magic    | 1 2 4 |  4.0
Summonings     | 4 |  4.5
Evocations     | 1 |  1.0

Action                     |  1- 3 |  4- 6 |  7- 9 | 10-12 || total
---------------------------+-------+-------+-------+-------++-------
  Melee: Dagger            |       |       |    62 |    15 ||    77
         Punch             |       |       |     1 |       ||     1
   Cast: Magic Dart        |    71 |   125 |   440 |       ||   636
         Stone Arrow       |       |     2 |    26 |     3 ||    31
         Searing Ray       |       |       |     1 |       ||     1
         Shock             |       |       |    30 |     9 ||    39
    Use: Scroll            |     5 |     7 |    12 |     3 ||    27
         Potion            |     1 |     2 |     4 |     1 ||     8
   Stab: Invisible         |       |       |       |     3 ||     3
 Armour: Skin              |       |     3 |    29 |     3 ||    35
  Dodge: Dodged            |     3 |    18 |   123 |    18 ||   162
